Map: [ESL] Alcyone

Players

Classic - Winner!

  • Race: Protoss Protoss
  • Spawn Location: 7:00

SKillous

  • Race: Protoss Protoss
  • League: Grandmaster
  • Spawn Location: 1:00

Event: IEM Katowice 2024

VOD

Have the link to the VOD?

Description

Time

  • Played on: Dec. 8, 2023, 4:34 p.m.
  • Length: 5:48

All games in this series

Show
View Real Time Build Order
Export as new Build Order

Classic Protoss - Winner!

Build Orders:  

Get SALT Encoding   

  12  0:00  Probe  
  13  0:12  Probe  
  14  0:18  Pylon  
  14  0:24  Probe  
  15  0:36  Gateway  
  15  0:37  Probe (Chrono Boost)  
  16  0:46  Probe (Chrono Boost)  
  16  0:47  Assimilator  
  17  0:51  Probe (Chrono Boost)  
  18  0:58  Assimilator  
  18  1:03  Probe (Chrono Boost)  
  19  1:09  Gateway  
  19  1:13  Probe (Chrono Boost)  
  19  1:18  Probe (Chrono Boost)  
  20  1:25  Cybernetics Core  
  21  1:30  Probe  
  22  1:40  Pylon  
  22  1:42  Probe  
  23  1:58  Probe  
  24  2:02  Warp Gate, Adept x2  
  28  2:08  Pylon  
  28  2:32  Sentry x2  
  32  2:40  Nexus  
  32  2:43  Probe  
  32  2:54  Sentry  
  32  2:55  Stalker  
  32  2:58  Probe  
  37  3:03  Shield Battery  
  37  3:10  Pylon  
  37  3:19  Robotics Facility  
  37  3:23  Probe  
  36  3:36  Probe  
  37  3:43  Shield Battery  
  37  3:52  Stalker x2  
  41  4:00  Probe x2  
  43  4:05  Immortal (Chrono Boost)  
  47  4:18  Sentry, Stalker  
  51  4:24  Pylon  
  51  4:33  Warp Prism (Chrono Boost)  
  53  4:44  Stalker  
  53  4:45  Stalker  
  57  4:50  Pylon  
  55  5:05  Immortal (Chrono Boost)  
  59  5:15  Stalker x2  
  59  5:17  Probe x2  
  65  5:31  Probe x2  
  65  5:34  Pylon  
Show
View Real Time Build Order
Export as new Build Order

SKillous Protoss 

Build Orders: Blink Stalkers 

Get SALT Encoding   

  12  0:00  Probe  
  13  0:12  Probe  
  14  0:17  Pylon  
  14  0:24  Probe (Chrono Boost)  
  15  0:36  Probe (Chrono Boost)  
  15  0:37  Gateway  
  16  0:44  Probe (Chrono Boost)  
  16  0:46  Assimilator  
  17  0:50  Probe  
  17  0:54  Assimilator  
  18  1:03  Probe (Chrono Boost)  
  19  1:08  Gateway  
  20  1:12  Probe (Chrono Boost)  
  20  1:17  Probe (Chrono Boost)  
  21  1:25  Cybernetics Core  
  21  1:29  Probe  
  22  1:36  Pylon  
  22  1:41  Probe  
  23  1:54  Probe  
  24  2:01  Stalker x2  
  24  2:03  Warp Gate  
  28  2:14  Pylon  
  28  2:26  Shield Battery  
  28  2:32  Stalker  
  28  2:33  Stalker  
  32  2:42  Twilight Council  
  32  2:59  Gateway  
  32  3:04  Shield Battery  
  32  3:11  Blink (Chrono Boost)  
  32  3:22  Pylon, Stalker  
  34  3:29  Pylon  
  34  3:34  Gateway  
  33  3:52  Stalker  
  33  3:54  Stalker  
  37  4:00  Stalker  
  39  4:15  Stalker  
  41  4:18  Stalker  
  43  4:25  Stalker  
  43  4:29  Stalker  
  47  4:38  Stalker  
  47  4:41  Stalker  
  51  4:49  Stalker  
  51  5:03  Stalker  
  47  5:12  Stalker x2  
  43  5:23  Stalker  
  45  5:29  Stalker  

Tags
 
Add a new tag
Caveats
  • Supply blocks, unpowered buildings, or Contaminate may cause inaccurate times.
  • Supply counts are checked every 10 seconds.